 Dungeon Crawl Stone Soup version 0.26.0-10-g1f06aea511 (webtiles) character file.

Game seed: 7783832422342271841

1915 Amaterasu the Cleaver (level 8, -14/62 HPs)
             Began as a Demonspawn Fighter on Jan 25, 2021.
             Was an Initiate of Makhleb.
             Demolished by a two-headed ogre
             ... wielding a +0 giant spiked club
              (25 damage)
             ... on level 7 of the Dungeon.
             The game lasted 00:07:23 (5402 turns).

Amaterasu the Cleaver (Demonspawn Fighter)          Turns: 5402, Time: 00:07:24

Health: -14/62     AC: 10    Str: 19    XL:     8   Next: 95%
Magic:  12/12      EV: 12    Int: 10    God:    Makhleb [......]
Gold:   334        SH:  9    Dex: 12    Spells: 7/7 levels left

rFire    . . .     SeeInvis .   a - +0 war axe
rCold    + . .     Faith    .   c - +0 kite shield
rNeg     . . .     Spirit   .   q - +0 scale mail (curse)
rPois    .         Reflect  .   (no helmet)
rElec    .         Harm     .   (no cloak)
rCorr    .         Rampage  .   (no gloves)
Will     .....                  (no boots)
Stlth    ..........             (no amulet)
HPRegen  0.20/turn              o - +4 ring of evasion
MPRegen  0.13/turn              (no ring)

@: mighty
A: slimy green scales 2, cold resistance 1, spiny 1
a: Renounce Religion


You were on level 7 of the Dungeon.
You worshipped Makhleb.
Makhleb was noncommittal.
You visited 2 branches of the dungeon, and saw 8 of its levels.

You collected 334 gold pieces.

Inventory:

Hand Weapons
 a - a +0 war axe (weapon)
Armour
 c - a +0 kite shield (worn)
 q - a cursed +0 scale mail (worn)
Jewellery
 o - a +4 ring of evasion (left hand)
Scrolls
 f - 2 scrolls of fog
 i - 3 scrolls of teleportation
 k - 2 scrolls of remove curse
 n - a scroll of amnesia
 r - 2 scrolls of blinking
Potions
 b - a potion of flight {unknown}
 d - 3 potions of might
 e - 2 potions of attraction
 g - a potion of heal wounds
 h - 2 potions of resistance
 j - a potion of cancellation
 l - a potion of haste
 m - a potion of curing
 p - a potion of mutation {unknown}


   Skills:
 - Level 5.0 Fighting
 - Level 8.0 Axes
 - Level 4.0 Armour
 - Level 2.0 Dodging
 - Level 4.0 Shields
 * Level 5.7 Invocations


You had 7 spell levels left.
You didn't know any spells.
Your spell library contained the following spells:

 Spells                   Type           Power        Failure   Level
 Animate Skeleton         Necr           0%           99%         1
 Apportation              Tloc           0%           99%         1
 Corona                   Hex            0%           99%         1
 Summon Small Mammal      Summ           0%           99%         1


Dungeon Overview and Level Annotations

Branches:
Dungeon (7/15)             Temple (1/1) D:5

Altars:
Ashenzari
Elyvilon
Gozag
Kikubaaqudgha
Makhleb
Okawaru
Sif Muna
Trog
Uskayaw
Vehumet
Wu Jian
Yredelemnul
Zin

Annotations:
D:4 2 transporters, exclusion: statue


Innate Abilities, Weirdness & Mutations

You are mostly covered in slimy green scales. (AC +3)
Your flesh is cold resistant. (rC+)
You are partially covered in sharp spines.


Message History

Your shield prevents you from hitting the two-headed ogre.
The two-headed ogre is moderately wounded.
The two-headed ogre barely misses you. You block the two-headed ogre's attack.
You closely miss the two-headed ogre.
The two-headed ogre is moderately wounded.
The two-headed ogre hits you with a +0 giant spiked club!!
You block the two-headed ogre's attack.
You slash the two-headed ogre!
The two-headed ogre is heavily wounded.
You hit the two-headed ogre.
The two-headed ogre is heavily wounded.
The two-headed ogre is struck by your spines.
The two-headed ogre hits you with a +0 giant spiked club! x2
* * * LOW HITPOINT WARNING * * *
You are too injured to fight recklessly!
You are too injured to fight recklessly!
You are too injured to fight recklessly!
You feel very mighty all of a sudden.
The two-headed ogre hits you with a +0 giant spiked club!!
You die...

#. #. #######.
###....... .
##...###### ...
####..####
#...#######........#
......(............#
#
#......@###........#
#
#...#.#O.####..#####
## .. .. ..... ..##
#. ## ##....##.# #.
##...##.# #. ...#..#
####.
.......#####....
.............###
......##.####.###


You could see a two-headed ogre.

Vanquished Creatures
  Sigmund (D:2)
  2 sky beasts
  Menkaure (D:6)
  2 ogres
  2 phantoms
  2 centaurs
  2 bullfrogs
  3 wights (D:6)
  A howler monkey (D:4)
  2 hounds
  2 centaur skeletons (D:4)
  2 bullfrog skeletons
  2 jellies (D:6)
  4 orc wizards
  An iguana (D:6)
  3 worker ants
  A gnoll (D:3)
  10 adders
  3 white imps (D:5)
  An ufetubus (D:6)
  2 oozes
  An adder skeleton (D:5)
  A worm (D:3)
  3 dart slugs
  4 leopard geckos
  24 orcs
  11 bats
  4 giant cockroaches
  6 goblins
  8 hobgoblins
  7 jackals (D:2)
  4 quokkas
  A ball python (D:5)
  4 frilled lizards
  A goblin zombie (D:3)
  4 kobolds
  6 rats
138 creatures vanquished.

Vanquished Creatures (others)
  A human (D:3)
  Terence (D:3)
  2 gnolls (D:3)
  An ooze (D:3)
  An orc (D:3)
  A giant cockroach (D:3)
  A goblin (D:3)
  A hobgoblin (D:3)
  3 jackals (D:3)
  2 bats (D:3)
  4 plants (D:2)
18 creatures vanquished.

Grand Total: 156 creatures vanquished

Notes
Turn   | Place    | Note
-------+----------+-------------------------------------------
     0 | D:1      | Amaterasu the Demonspawn Fighter began the quest for the
                  | Orb.
     0 | D:1      | Reached XP level 1. HP: 18/18 MP: 1/1
    45 | D:1      | Reached skill level 2 in Axes
    74 | D:1      | Gained mutation: You are partially covered in slimy green
                  | scales. (AC +2) [demonic ancestry]
    74 | D:1      | Reached XP level 2. HP: 21/24 MP: 2/2
   206 | D:1      | Reached skill level 3 in Axes
   565 | D:2      | Reached XP level 3. HP: 22/29 MP: 3/3
   835 | D:2      | Noticed Sigmund
   842 | D:2      | Reached skill level 4 in Axes
   842 | D:2      | Gained mutation: You are partially covered in sharp spines.
                  | [demonic ancestry]
   842 | D:2      | Reached XP level 4. HP: 31/35 MP: 4/4
   859 | D:2      | Killed Sigmund
   860 | D:2      | Reached skill level 5 in Axes
   860 | D:2      | Gained mutation: Your flesh is cold resistant. (rC+)
                  | [demonic ancestry]
   860 | D:2      | Reached XP level 5. HP: 25/41 MP: 5/5
  1107 | D:2      | Reached skill level 1 in Dodging
  1487 | D:3      | Reached XP level 6. HP: 47/47 MP: 6/6
  1557 | D:3      | Noticed a human
  1560 | D:3      | Found a runed translucent door.
  1579 | D:3      | Found a basalt altar of Yredelemnul.
  1686 | D:3      | Killed Terence
  1886 | D:3      | Noticed a sky beast
  1886 | D:3      | Killed a human
  1896 | D:3      | Killed a sky beast
  2319 | D:4      | Found a radiant altar of Vehumet.
  2534 | D:4      | Gained mutation: You are mostly covered in slimy green
                  | scales. (AC +3) [demonic ancestry]
  2534 | D:4      | Reached XP level 7. HP: 41/53 MP: 7/7
  2604 | D:4      | Found a transporter.
  2889 | D:4      | Found a transporter.
  3031 | D:5      | Entered Level 5 of the Dungeon
  3241 | D:5      | Found a hide-covered altar of Uskayaw.
  3241 | D:5      | Found a white marble altar of Elyvilon.
  3243 | D:5      | Found an iron altar of Okawaru.
  3243 | D:5      | Found a glowing silver altar of Zin.
  3759 | D:5      | Found a staircase to the Ecumenical Temple.
  3769 | Temple   | Entered the Ecumenical Temple
  3783 | Temple   | Became a worshipper of Makhleb the Destroyer
  3854 | D:5      | Found an ornate altar of the Wu Jian Council.
  4047 | D:5      | Reached skill level 5 in Fighting
  4047 | D:5      | Reached skill level 6 in Axes
  4140 | D:6      | Reached skill level 1 in Invocations
  4140 | D:6      | Reached XP level 8. HP: 26/62 MP: 8/8
  4678 | D:6      | Reached skill level 7 in Axes
  4889 | D:6      | Noticed Menkaure
  4896 | D:6      | Killed Menkaure
  4993 | D:6      | Reached skill level 8 in Axes
  5324 | D:7      | Reached skill level 5 in Invocations
  5395 | D:7      | Noticed a two-headed ogre
  5402 | D:7      | Demolished by a two-headed ogre

Illustrated notes

Levels and vault maps discovered:
D:1:      minmay_arrival_stair_chambers, layout_basic
D:2:      wad_lake_hut, layout_rooms, serial_glass, glass_columns_a,
          glass_columns_b, glass_columns_a, glass_columns_b, glass_columns_c,
          glass_columns_a, glass_columns_b, glass_columns_a, glass_columns_b,
          glass_columns_a, glass_columns_b, glass_columns_b, glass_columns_b,
          glass_columns_a, uniq_sigmund
D:3:      layout_rooms, dk_yredelemnul_ordeal, uniq_terence
D:4:      gammafunk_cloud_chamber, layout_basic, vehumet_statue
D:5:      layout_loops_ring, chequers_temple_overflow_statue_of_worship,
          nzn_wu_jian_contemplation, lemuel_temple_firewalk_b
D:6:      layout_basic, nrook_campfire, feat_on_display, uniq_menkaure
D:7:      layout_rooms, serial_glass, glass_columns_a, glass_columns_a,
          item_on_display_a, uniq_pikel
Temple:   compressed_dpeg_circular_temple

Skill      XL: |  1  2  3  4  5  6  7  8 |
---------------+-------------------------+-----
Axes           | 2 3 4 5 6 8 |  8.0
Dodging        | 1 2 |  2.0
Armour         | 3 4 |  4.0
Shields        | 3 4 |  4.0
Fighting       | 5 |  5.0
Invocations    | 1 5 |  5.7

Action                   |  1- 3 |  4- 6 |  7- 9 || total
-------------------------+-------+-------+-------++-------
Melee: War axe           |    90 |   109 |   178 ||   377
  Use: Scroll            |     2 |     7 |     4 ||    13
       Potion            |       |       |     1 ||     1
Armor: Scale mail        |    54 |    53 |    48 ||   155
Dodge: Dodged            |    30 |    36 |    80 ||   146
Block: Kite shield       |    53 |    76 |    76 ||   205
